 Dungeon Crawl Stone Soup version 0.23.1 (webtiles) character file.

Game seed: 14596702557453089392

218 Yunesin the Chopper (level 5, -10/47 HPs)
             Began as a Hill Orc Fighter on Mar 15, 2019.
             Mangled by an ogre
             ... wielding a +0 giant spiked club
              (14 damage)
             ... on level 4 of the Dungeon.
             The game lasted 00:10:09 (2979 turns).

Yunesin the Chopper (Hill Orc Fighter)              Turns: 2979, Time: 00:10:10

Health: -10/47     AC: 14    Str: 19    XL:     5   Next: 95%
Magic:  5/5        EV:  1    Int:  9    God:
Gold:   267        SH: 14    Dex: 10    Spells: 4/4 levels left

rFire    . . .     SeeInvis .   a - +0 war axe
rCold    . . .     Gourm    .   i - +0 large shield
rNeg     . . .     Faith    .   t - +0 plate armour
rPois    .         Spirit   .   u - +0 helmet
rElec    .         Reflect  .   (no cloak)
rCorr    .         Harm     .   (no gloves)
MR       .....                  g - +0 pair of boots
Stlth    ..........             (no amulet)
HPRegen  0.15/turn              (no ring)
MPRegen  0.09/turn              (no ring)

@: no status effects
A: no striking features
a: no special abilities


You were on level 4 of the Dungeon.
You were not hungry.

You visited 2 branches of the dungeon, and saw 5 of its levels.

You collected 267 gold pieces.

Inventory:

Hand Weapons
 a - a +0 war axe (weapon)
Armour
 b - a +0 scale mail
 g - a +0 pair of boots (worn)
 i - a +0 large shield (worn)
 t - a +0 plate armour (worn)
 u - a +0 helmet (worn)
Wands
 v - a wand of iceblast (9)
Scrolls
 e - 5 scrolls of identify {unknown}
 k - a scroll of fog {unknown}
 l - a scroll of remove curse {unknown}
 m - a scroll of amnesia {unknown}
 n - a scroll of blinking {unknown}
 r - a scroll of enchant armour {unknown}
 s - a scroll of enchant weapon {unknown}
Potions
 c - 2 potions of brilliance {unknown}
 d - 3 potions of might
 h - 2 potions of mutation {unknown}
 o - a potion of curing {unknown}
 p - a potion of cancellation {unknown}
 q - 2 potions of heal wounds {unknown}
Comestibles
 f - 8 rations


   Skills:
 + Level 4.7 Fighting
 * Level 5.4 Axes
 + Level 4.3 Armour
 + Level 4.2 Shields


You had 4 spell levels left.
You didn't know any spells.
Your spell library was empty.

Dungeon Overview and Level Annotations

Branches:
Dungeon (4/15)             Temple (1/1) D:4

Altars:
Ashenzari
Cheibriados
Dithmenos
Elyvilon
Fedhas
Gozag
Hepliaklqana
Kikubaaqudgha
Makhleb
Nemelex Xobeh
Okawaru
Qazlal
Ru
Sif Muna
Trog
Uskayaw
Vehumet
Wu Jian
Xom
Yredelemnul
Zin
The Shining One


Message History

You climb upwards.
Welcome back to the Dungeon!
You block the ogre's attack.
There is a staircase to the Ecumenical Temple here.
You closely miss the ogre.
The ogre hits you with a +0 giant spiked club!!
Ouch! That really hurt!
You hit the ogre but do no damage. You block the ogre's attack.
You hit the ogre.
The ogre is moderately wounded.
You block the ogre's attack.
You hit the ogre.
The ogre is moderately wounded.
The ogre hits you with a +0 giant spiked club.
You hit the ogre.
The ogre is heavily wounded.
The ogre hits you with a +0 giant spiked club!
* * * LOW HITPOINT WARNING * * *
You hit the ogre.
The ogre is heavily wounded.
The ogre hits you with a +0 giant spiked club!
You die...

#.# #.# #.#### #.#
#....## #.# #
##.##..###### #.##.##
##.........$.######......
#<...##...##...........##
#....##...##.########..#
#.#....O.....# ..#
########.#.....@....# ..#
#.....##o#......)...## .#
#.###.##.#..##...##..# .#
#.# #o...##.##...##..##
#.# #.#####............
.........# #####.#..####.
####.###.# #...## # #.#
.# #.### # # # #.#


You could see an ogre.

Vanquished Creatures
  A hound (D:3)
  Terence (D:3)
  An orc wizard (D:4)
  3 adders
  2 worms
  3 dart slugs
  2 leopard geckos
  9 orcs
  A ball python (D:3)
  18 bats
  5 giant cockroaches
  9 goblins
  5 hobgoblins
  2 jackals (D:2)
  4 quokkas
  A ball python skeleton (D:2)
  8 frilled lizards
  9 kobolds
  7 rats
91 creatures vanquished.

Notes
Turn   | Place    | Note
-------+----------+-------------------------------------------
     0 | D:1      | Yunesin the Hill Orc Fighter began the quest for the Orb.
     0 | D:1      | Reached XP level 1. HP: 19/19 MP: 1/1
    50 | D:1      | Reached skill level 3 in Axes
    50 | D:1      | Reached XP level 2. HP: 15/27 MP: 2/2
   456 | D:1      | Reached XP level 3. HP: 33/33 MP: 3/3
  1027 | D:2      | Found a hide-covered altar of Uskayaw.
  1029 | D:2      | Found a snail-covered altar of Cheibriados.
  1194 | D:2      | Reached skill level 4 in Axes
  1384 | D:2      | Reached XP level 4. HP: 29/40 MP: 4/4
  1525 | D:2      | Found an iron altar of Okawaru.
  1641 | D:2      | Found a hide-covered altar of Uskayaw.
  1643 | D:2      | Found a snail-covered altar of Cheibriados.
  2032 | D:3      | Noticed Terence
  2064 | D:3      | Killed Terence
  2064 | D:3      | Reached XP level 5. HP: 39/47 MP: 5/5
  2139 | D:3      | Reached skill level 5 in Axes
  2408 | D:4      | Found a shimmering altar of Xom.
  2492 | D:4      | Found a staircase to the Ecumenical Temple.
  2502 | Temple   | Entered the Ecumenical Temple
  2661 | D:4      | Noticed an ogre
  2979 | D:4      | Mangled by an ogre

Skill      XL: |  1  2  3  4  5 |
---------------+----------------+-----
Axes           | 3 4 5 |  5.4
Fighting       | 4 |  4.7
Armour         | 4 |  4.3
Shields        | 4 |  4.2

Action                   |  1- 3 |  4- 6 || total
-------------------------+-------+-------++-------
Melee: War axe           |   126 |   216 ||   342
  Eat: Chunk             |     2 |     4 ||     6
       Ration            |       |     1 ||     1
Armor: Scale mail        |    75 |    48 ||   123
       Plate armour      |       |    60 ||    60
Dodge: Dodged            |    31 |    24 ||    55
Block: Shield            |    12 |       ||    12
       Large shield      |    97 |   156 ||   253
